 Dungeon Crawl Stone Soup version 0.28.0-53-g5a82cb258f (webtiles) character file.

Game seed: 1813467454976966972

2828 purpskrrrp the Reanimator (level 9, -6/74 HPs)
             Began as a Deep Dwarf Necromancer on June 22, 2022.
             Was an Elder of Sif Muna.
             Mangled by a two-headed ogre
             ... wielding a +0 giant spiked club
              (12 damage)
             ... on level 8 of the Dungeon.
             The game lasted 01:03:24 (5525 turns).

purpskrrrp the Reanimator (Deep Dwarf Necromancer)  Turns: 5525, Time: 01:03:24

Health: -6/74      AC: 16    Str: 12    XL:     9   Next: 45%
Magic:  18/19      EV: 10    Int: 22    God:    Sif Muna [****..]
Gold:   288        SH:  0    Dex: 13    Spells: 12/21 levels left

rFire   . . .      SeeInvis .   c - +0 mace (vamp)
rCold   . . .      Faith    .   (no shield)
rNeg    . . .      Spirit   .   j - +6 scale mail "Viomuck" {Int+2}
rPois   .          Reflect  .   (no helmet)
rElec   .          Harm     .   h - +1 cloak
rCorr   .          Rampage  .   (no gloves)
Will    +....                   (no boots)
Stlth   +.........              d - amulet of magic regeneration
HPRegen 0.00/turn               (no ring)
MPRegen 0.56/turn               (no ring)

@: no status effects
A: damage resistance, heal wounds, sense surroundings 2, no regeneration,
screaming 1, shaggy fur 1
a: Heal Wounds, Renounce Religion, Channel Magic, Forget Spell, Divine Exegesis


You were on level 8 of the Dungeon.
You worshipped Sif Muna.
Sif Muna was greatly pleased with you.
You visited 1 branch of the dungeon, and saw 8 of its levels.

You collected 288 gold pieces.

Inventory:

Hand Weapons
 c - a +0 vampiric mace (weapon)
 g - a +2 quarterstaff of chaos
 t - a +0 whip
Missiles
 n - 32 poisoned darts
 p - 30 bolts
 s - 2 throwing nets
 u - 4 boomerangs of dispersal
Armour
 a - a +0 robe
 h - a +1 cloak (worn)
 j - the +6 scale mail "Viomuck" (worn) {Int+2}
   (You found it on level 3 of the Dungeon)

   Int:       It affects your intelligence (+2).
Magical Staves
 b - a staff of poison
Jewellery
 d - an amulet of magic regeneration (around neck)
Wands
 o - a wand of polymorph (21)
 r - a wand of paralysis (6)
Scrolls
 l - 2 scrolls of identify
 q - a scroll of noise {unknown}
 v - 2 scrolls of teleportation
 w - a scroll of magic mapping
 y - a scroll of immolation {unknown}
Potions
 e - a potion of flight
 f - a potion of degeneration
 i - a potion of brilliance
 k - a potion of resistance
 m - a potion of berserk rage
 x - 2 potions of curing {unknown}
 z - a potion of heal wounds {unknown}


   Skills:
 + Level 2.3 Fighting
 + Level 3.7 Maces & Flails
 + Level 3.9 Armour
 + Level 4.3 Dodging
 + Level 2.9 Stealth
 + Level 6.9 Spellcasting
 + Level 9.2 Necromancy


You had 12 spell levels left.
You knew the following spells:

 Your Spells              Type           Power      Damage    Failure   Level
a - Pain                  Necr           100%       1d9       1%          1
b - Animate Skeleton      Necr           96%        N/A       1%          1
c - Vampiric Draining     Necr           48%        2d9       2%          3
d - Animate Dead          Necr           24%        N/A       9%          4

Your spell library contained the following spells:

 Spells                   Type           Power      Damage    Failure   Level
 Corpse Rot               Necr/Air       54%        N/A       9%          2
 Dispel Undead            Necr           48%        3d18      9%          4
 Agony                    Necr           48%        N/A       26%         5
 Magic Dart               Conj           28%        1d4       38%         1
 Sandblast                Erth           14%        2d6       38%         1
 Call Imp                 Summ           7%         N/A       52%         2
 Passwall                 Tmut/Erth      5%         N/A       52%         2
 Searing Ray              Conj           14%        2d5       52%         2
 Gell's Gravitas          Tloc           7%         N/A       77%         3
 Lesser Beckoning         Tloc           7%         N/A       77%         3
 Mephitic Cloud           Conj/Pois/Air  7%         N/A       77%         3
 Stone Arrow              Conj/Erth      14%        3d7       77%         3
 Teleport Other           Tloc           7%         N/A       77%         3
 Death Channel            Necr           24%        N/A       80%         6
 Fulminant Prism          Conj/Hex       3%         3d6       99%         4
 Olgreb's Toxic Radiance  Pois           7%         N/A       99%         4
 Ozocubu's Refrigeration  Ice            3%         4d5       100%        7
 Ignition                 Fire           3%         3d4       100%        8


Dungeon Overview and Level Annotations

Branches:
Dungeon (8/15)             Temple (0/1) D:5
   Lair: D:8-11

Altars:
Cheibriados
Dithmenos
Ru
Sif Muna
Uskayaw

Shops:
D:7 :


Innate Abilities, Weirdness & Mutations

You are resistant to damage.
You can heal yourself by infusing magical energy.
You passively map the area around you.
You do not regenerate.
You occasionally shout uncontrollably at your foes.
You are covered in fur. (AC +1)


Message History

Okay, then.
The orc hits you but does no damage.
Casting: Vampiric Draining (mildly dangerous; 2% risk of failure)
Confirm with . or Enter, or press ? or * to list all spells.
Aiming: Vampiric Draining (mildly dangerous; 2% risk of failure)
Press: ? - help, Shift-Dir - straight line, f - orc
Aim: an orc, wielding a +0 club and wearing a +0 leather armour You draw life force from the orc!
You kill the orc!
Sif Muna accepts your kill.
You feel life coursing into your body.
Casting: Vampiric Draining (mildly dangerous; 2% risk of failure)
Confirm with . or Enter, or press ? or * to list all spells.
Aiming: Vampiric Draining (mildly dangerous; 2% risk of failure)
Press: ? - help, Shift-Dir - straight line, f - orc priest
Aim: an orc priest, wielding a +0 hand axe and wearing a +0 leather armour You draw life force from the orc priest!
You feel life coursing into your body!
The orc priest invokes the aid of Beogh against you.
You resist with some effort.
Casting: Vampiric Draining (mildly dangerous; 2% risk of failure)
Confirm with . or Enter, or press ? or * to list all spells.
Aiming: Vampiric Draining (mildly dangerous; 2% risk of failure)
Press: ? - help, Shift-Dir - straight line, f/p - orc priest
Aim: an orc priest, wielding a +0 hand axe and wearing a +0 leather armour (almost dead)
You draw life force from the orc priest!
You kill the orc priest!
Sif Muna accepts your kill.
You feel life coursing into your body.
x - 2 yellow potions (gained 1)
Things that are here:
a +0 club; a +0 leather armour; an orc corpse
Things that are here:
a +0 ring mail; a +0 trident
There is a stone staircase leading down here.
You climb downwards.
The fire elemental barely misses you.
The two-headed ogre hits you with a +0 giant spiked club!
* * * LOW HITPOINT WARNING * * *
The two-headed ogre hits you with a +0 giant club!
You die...

, , , , * ,
.........).. , + **
♣..........#** * +
*, PP.P.......### #
, , ,, ,
.............##.. ,
* ,............... *
............... , ,
* ,........O..### *
* ,
**#......@E<...## ,*
, * ........F..ce.#
* * ..........(...#
, * , ,
...............H.#,
,
..##..........#..#,,
,.* #..........#..#*
, * , ,, ,,
###.......## ..# *
,, * #....#.###
,,.?. ,, ,, ,
.....#.#*, ##[*,


You could see a centaur warrior, a two-headed ogre, a deep elf pyromancer, a
fire elemental (summoned) and a bullfrog.

Vanquished Creatures
  A wyvern (D:6)
  4 yaks (D:6)
  A water moccasin (D:5)
  An acid dragon (D:5)
  2 black bears
  An orc warrior (D:7)
  A necrophage (D:6)
  A centaur (D:8)
  A kobold brigand (D:7)
  A bullfrog (D:7)
  A gnoll sergeant (D:7)
  A wyvern zombie (D:7)
  A scorpion (D:4)
  A water moccasin skeleton (D:5)
  A howler monkey (D:7)
  A bullfrog zombie (D:6)
  2 centaur skeletons
  Crazy Yiuf (D:2)
  3 orc priests
  A hound (D:4)
  4 iguanas
  8 orc wizards
  Robin (D:4)
  11 gnolls
  2 howler monkey skeletons
  9 adders
  2 shadow imps
  2 white imps (D:6)
  A worm (D:2)
  2 dart slugs
  21 orcs
  7 ball pythons
  2 bats
  8 endoplasms
  9 goblins
  13 hobgoblins
  11 kobolds
  5 quokkas
  A frilled lizard (D:1)
  4 rats
150 creatures vanquished.

Vanquished Creatures (collateral kills)
  A water moccasin zombie (D:4)
  A centaur zombie (D:7)
  An orc priest (D:7)
  An orc wizard (D:7)
4 creatures vanquished.

Vanquished Creatures (others)
  2 plants (D:8)
2 creatures vanquished.

Grand Total: 156 creatures vanquished

Notes
Turn   | Place    | Note
-------+----------+-------------------------------------------
     0 | D:1      | purpskrrrp the Deep Dwarf Necromancer began the quest for
                  | the Orb.
     0 | D:1      | Reached XP level 1. HP: 15/15 MP: 3/3
    81 | D:1      | Found a faded altar of an unknown god.
    84 | D:1      | Learned a level 1 spell: Animate Skeleton
   344 | D:1      | Reached XP level 2. HP: 22/22 MP: 2/4
   489 | D:1      | Reached skill level 5 in Necromancy
   861 | D:1      | Prayed at the altar of an unknown god.
   861 | D:1      | Became a worshipper of Sif Muna the Loreminder
   861 | D:1      | Reached * piety under Sif Muna
   891 | D:2      | Reached XP level 3. HP: 28/28 MP: 3/6
  1339 | D:2      | Reached XP level 4. HP: 27/36 MP: 4/7
  1448 | D:2      | Reached ** piety under Sif Muna
  1455 | D:2      | Learned a level 3 spell: Vampiric Draining
  1465 | D:2      | Found a runed translucent door.
  1466 | D:2      | Noticed Crazy Yiuf
  1736 | D:2      | Killed Crazy Yiuf
  1834 | D:3      | Reached XP level 5. HP: 11/42 MP: 3/9
  2220 | D:3      | Identified the +6 scale mail "Viomuck" {Int+2}
  2403 | D:3      | You fall into a shaft and drop 1 floor!
  2427 | D:4      | Reached skill level 6 in Necromancy
  2534 | D:4      | Reached XP level 6. HP: 49/49 MP: 2/12
  2611 | D:4      | Noticed Robin
  2629 | D:4      | Killed Robin
  2815 | D:4      | Reached *** piety under Sif Muna
  2983 | D:5      | Entered Level 5 of the Dungeon
  3031 | D:5      | Noticed an acid dragon
  3039 | D:5      | Killed an acid dragon
  3040 | D:5      | Reached skill level 1 in Maces & Flails
  3040 | D:5      | Reached skill level 1 in Armour
  3040 | D:5      | Reached XP level 7. HP: 54/56 MP: 8/13
  3051 | D:5      | Found a staircase to the Ecumenical Temple.
  3096 | D:5      | Learned a level 4 spell: Animate Dead
  3484 | D:5      | Reached skill level 5 in Spellcasting
  3484 | D:5      | Reached skill level 7 in Necromancy
  3850 | D:6      | Reached XP level 8. HP: 56/63 MP: 14/16
  3914 | D:6      | Found a sacrificial altar of Ru.
  3957 | D:6      | Found a snail-covered altar of Cheibriados.
  4051 | D:6      | Reached skill level 1 in Fighting
  4107 | D:6      | Found a hide-covered altar of Uskayaw.
  4635 | D:6      | Reached skill level 8 in Necromancy
  4811 | D:6      | Gained mutation: You are covered in fur. (AC +1) [potion of
                  | mutation]
  4811 | D:6      | Gained mutation: You occasionally shout uncontrollably at
                  | your foes. [potion of mutation]
  4927 | D:7      | Gained mutation: You passively map the area around you.
                  | [Deep Dwarf growth]
  4927 | D:7      | Reached XP level 9. HP: 64/72 MP: 5/18
  5053 | D:7      | Reached **** piety under Sif Muna
  5062 | D:7      | Reached skill level 9 in Necromancy
  5085 | D:7      | Found Minota Nonk's Book Emporium.
  5341 | D:7      | Found a shadowy altar of Dithmenos.
  5497 | D:8      | Noticed a cyclops
  5499 | D:8      | Noticed a deep elf pyromancer
  5500 | D:8      | Noticed a centaur warrior
  5502 | D:8      | Noticed a manticore
  5505 | D:8      | Noticed a two-headed ogre
  5506 | D:8      | HP: 3/74 [fire elemental[a deep elf pyromancer] (2)]
  5525 | D:8      | Mangled by a two-headed ogre

Illustrated notes

Levels and vault maps discovered:
D:1:      dpeg_arrival_houses_and_road, layout_basic,
          ebering_ecumenical_altar_mist, minivault_24, kennysheep_doodads
D:2:      layout_loops_ring, uniq_crazy_yiuf_cottage
D:3:      layout_loops_cross, st_stairs_12, kennysheep_path_1
D:4:      layout_rooms, sigmund_army, uniq_robin
D:5:      layout_loops_corners, minmay_temple_entry_waves
D:6:      layout_basic, mainiacjoe_overflow_paths, lemuel_round_altar,
          mainiacjoe_overflow_boulevard, minmay_misc_feat_columns
D:7:      layout_rooms, grunt_dithmenos_smoke_and_mirrors, serial_shops,
          nicolae_square_shop
D:8:      minmay_curly_fans, layout_cave_pools, zin_purify, lemuel_doored_altar,
          mainiacjoe_overflow_big_doors, minmay_lair_entry_grove,
          chequers_jeans, grunt_ministairs_12, minmay_liquid_box

Skill      XL: |  1  2  3  4  5  6  7  8  9 |
---------------+----------------------------+-----
Spellcasting   | 2 3 4 5 6 |  6.9
Necromancy     | 5 6 7 8 9 |  9.2
Maces & Flails | 1 2 3 |  3.7
Armour         | 1 2 3 |  3.9
Fighting       | 1 2 |  2.3
Dodging        | 3 4 |  4.3
Stealth        | |  2.9

Action                   |  1- 3 |  4- 6 |  7- 9 || total
-------------------------+-------+-------+-------++-------
Melee: Staff             |     6 |     1 |       ||     7
       Mace              |       |    50 |   239 ||   289
       Punch             |       |       |     3 ||     3
 Cast: Pain              |    62 |    74 |    82 ||   218
       Animate Skeleton  |     4 |     5 |     1 ||    10
       Vampiric Draining |       |    24 |    61 ||    85
       Animate Dead      |       |       |     5 ||     5
  Use: Scroll            |       |     7 |     5 ||    12
       Potion            |       |       |     1 ||     1
Armor: Scale mail        |       |    61 |   337 ||   398
       Robe              |       |     1 |       ||     1
Dodge: Dodged            |     8 |    54 |   225 ||   287
